 Dungeon Crawl Stone Soup version 0.32-a0-473-gd044c6f0f0 (webtiles) character file.

Game seed: 16375963345702018169

3509 horus123 the Basher (level 9, 0/74 HPs)
             Began as a Mountain Dwarf Monk on Feb 26, 2024.
             Was a Believer of Vehumet.
             Slain by a hornet simulacrum (8 damage)
             ... on level 8 of the Dungeon.
             The game lasted 00:15:31 (6181 turns).

horus123 the Basher (Mountain Dwarf Monk)           Turns: 6181, Time: 00:15:32

Health: 0/74       AC: 12    Str: 14    XL:     9   Next: 81%
Magic:  18/18      EV: 12    Int: 15    God:    Vehumet [**....]
Gold:   597        SH:  0    Dex: 12    Spells: 3/20 levels left

rFire   . . .        D - +0 morningstar
rCold   . . .        d - orb {light}
rNeg    . . .        H - +2 steam dragon scales
rPois   .            (no helmet)
rElec   .            (no cloak)
rCorr   .            (no gloves)
SInv    .            (no boots)
Will    .....        r - amulet of regeneration
Stlth   +            g - +4 ring of slaying
HPRegen 1.12/turn    C - +4 ring of protection
MPRegen 0.16/turn

%: no passive effects
@: glowing
A: runic magic, artefact enchanting
a: Renounce Religion


You were on level 8 of the Dungeon.
You worshipped Vehumet.
Vehumet was pleased with you.
You visited 2 branches of the dungeon, and saw 9 of its levels.

You collected 597 gold pieces.

Inventory:

Hand Weapons
 D - a +0 morningstar (weapon)
Armour
 b - a +0 robe
 d - an orb of light (worn)
 h - a +1 ring mail
 j - a +0 leather armour
 l - an orb of energy
 o - a +1 scale mail
 x - a scarf of harm
 E - a +2 robe of cold resistance
 G - a +0 plate armour
 H - +2 steam dragon scales (worn)
Magical Staves
 e - a staff of death
Jewellery
 a - an amulet of the acrobat
 g - a +4 ring of slaying (left hand)
 m - an amulet of reflection
 n - an amulet of faith
 q - a ring of poison resistance
 r - an amulet of regeneration (around neck)
 B - a ring of ice
 C - a +4 ring of protection (right hand)
Wands
 f - a wand of flame (19)
 y - a wand of polymorph (9)
Scrolls
 k - 2 scrolls of revelation
 p - 2 scrolls of teleportation
 s - a scroll of vulnerability
 v - 2 scrolls of amnesia
 w - a scroll of brand weapon {unknown}
Potions
 c - a potion of ambrosia
 i - a potion of mutation
 t - 2 potions of brilliance
 u - 5 potions of curing
 z - 3 potions of berserk rage
 A - a potion of lignification
 F - a potion of enlightenment {unknown}


   Skills:
 - Level 5.0 Fighting
 - Level 8.0 Maces & Flails
 - Level 5.0 Armour
 - Level 2.1 Dodging
 - Level 6.0 Spellcasting
 - Level 6.4 Summonings
 + Level 6.1 Necromancy


You had 3 spell levels left.
You knew the following spells:

 Your Spells              Type           Power      Damage    Failure   Level
a - Call Canine Familiar  Summ           23%        N/A       3%          3
b - Slow                  Hex            16%        N/A       14%         1
c - Anguish               Hex/Necr       6%         N/A       38%         4
d - Vampiric Draining     Necr           22%        2d7       3%          3
e - Animate Dead          Necr           22%        N/A       12%         4
f - Ensorcelled Hibernat  Hex/Ice        8%         N/A       22%         2

Your spell library contained the following spells:

 Spells                   Type           Power      Damage    Failure   Level
 Freeze                   Ice            16%        1d4       14%         1
 Fugue of the Fallen      Necr           22%        N/A       3%          3
 Confusing Touch          Hex            4%         N/A       41%         3
 Inner Flame              Hex/Fire       4%         N/A       41%         3
 Sigil of Binding         Hex            4%         N/A       41%         3
 Borgnjor's Vile Clutch   Necr/Erth      6%         N/A       75%         5
 Dimensional Bullseye     Hex/Tloc       2%         N/A       82%         4
 Death Channel            Necr           11%        N/A       88%         6
 Irradiate                Conj/Alch      2%         3d12      99%         5
 Ignition                 Fire           2%         3d3       100%        8


Dungeon Overview and Level Annotations

Branches:
Dungeon (8/15)             Temple (1/1) D:7
   Lair: D:8-11

Altars:
Ashenzari
Cheibriados
Elyvilon
Fedhas
Gozag
Kikubaaqudgha
Makhleb
Nemelex Xobeh
Okawaru
Qazlal
Ru
Sif Muna
Uskayaw
Vehumet
Wu Jian
Xom
Yredelemnul
Zin
The Shining One

Shops:
D:7 *


Innate Abilities, Weirdness & Mutations

Your spellcasting is much less encumbered by armour.
You can use scrolls of enchantment on lesser artefacts.


Message History

The electric eel shoots out a bolt of lightning at you!
The bolt of electricity hits you!
The hornet simulacrum hits the plant!
The hornet simulacrum freezes the plant!
Your unstable footing causes you to fumble your attack.
A nearby plant withers and dies. x2
The electric eel shoots out a bolt of lightning at you!
The bolt of electricity hits you!
* * * LOW HITPOINT WARNING * * *
You puncture the electric eel!
You kill the electric eel!
Vehumet accepts your kill.
Your Necromancy skill increases to level 6!
Why would you want to do that?
You are confused.
You feel invigorated.
The hornet simulacrum hits you but does no damage.
The hornet simulacrum barely misses you.
Your unstable footing causes you to fumble your attack.
The hornet simulacrum hits you but does no damage.
The hornet simulacrum closely misses you.
You closely miss the hornet simulacrum.
The hornet simulacrum hits you but does no damage.
You barely miss the hornet simulacrum. The hornet simulacrum misses you.
Your unstable footing causes you to fumble your attack.
The hornet simulacrum barely misses you.
The hornet simulacrum hits you. The hornet simulacrum freezes you!
You feel less invigorated.
You feel less confused.
The hornet simulacrum hits you but does no damage.
The hornet simulacrum hits you! The hornet simulacrum freezes you!
The hornet simulacrum closely misses you.
The electric eel shoots out a bolt of lightning at you!
The bolt of electricity misses you. The hornet simulacrum hits you!
* * * LOW HITPOINT WARNING * * *
The hornet simulacrum freezes you!
* * * LOW HITPOINT WARNING * * *
You hit the hornet simulacrum.
The hornet simulacrum is lightly damaged.
The hornet simulacrum hits you!
You die...

♣.♣.♣.♣ ♣
♣.♣.♣.♣
♣.♣.♣.♣.♣
♣.......♣
#######.#######
#♣≈≈≈~~♣.♣ ~≈≈≈♣
#≈≈≈~~~♣.♣~~~≈≈≈
#≈≈~~~.....S~~≈≈
#≈≈~Z@..~...~~≈≈
#~~~...~≈~...~~~
#~~...~≈~≈~...~~
#♣♣....###....♣♣
.....#) #.....
#♣♣....## ...♣♣
~...~≈ ...~
~~~...


You could see an electric eel and a hornet simulacrum.

Vanquished Creatures
  Jeremiah (D:6)
  3 steam dragons
  2 water moccasins
  An acid dragon (D:8)
  An ice beast (D:5)
  2 sky beasts (D:7)
  3 orc warriors (D:7)
  An ogre (D:6)
  A centaur (D:7)
  4 phantoms
  Blork the orc (D:6)
  3 bullfrogs
  2 scorpions (D:6)
  4 killer bees
  An electric eel (D:8)
  2 howler monkeys
  A bombardier beetle (D:4)
  3 hounds
  2 jellies
  3 orc priests (D:7)
  4 sleepcaps
  Ijyb (D:4)
  Jessica (D:3)
  3 orc wizards (D:7)
  An iguana (D:5)
  8 adders
  7 gnolls (D:5)
  A shadow imp (D:7)
  A white imp (D:6)
  2 dart slugs
  2 ribbon worms (D:3)
  19 orcs
  9 bats
  5 endoplasms
  8 giant cockroaches
  37 goblins
  21 hobgoblins
  11 jackals
  15 kobolds
  3 quokkas
  5 ball pythons
  2 frilled lizards (D:1)
  7 rats
214 creatures vanquished.

Notes
Turn   | Place    | Note
-------+----------+-------------------------------------------
     0 | D:1      | horus123 the Mountain Dwarf Monk began the quest for the
                  | Orb.
     0 | D:1      | Reached XP level 1. HP: 19/19 MP: 1/1
   170 | D:1      | Reached XP level 2. HP: 27/27 MP: 2/2
   376 | D:1      | Reached XP level 3. HP: 33/34 MP: 3/3
   681 | D:1      | Reached skill level 5 in Fighting
   702 | D:1      | You fall into a shaft and drop 1 floor!
   948 | D:2      | Reached skill level 4 in Maces & Flails
  1119 | D:2      | Reached XP level 4. HP: 38/42 MP: 4/4
  1395 | D:2      | Learned a level 3 spell: Call Canine Familiar
  1502 | D:3      | Noticed Jessica
  1514 | D:3      | Killed Jessica
  1515 | D:3      | Reached skill level 5 in Maces & Flails
  2108 | D:3      | Found a hide-covered altar of Uskayaw.
  2191 | D:4      | Noticed a bullfrog
  2217 | D:4      | Reached XP level 5. HP: 48/48 MP: 5/5
  2225 | D:4      | Reached skill level 6 in Maces & Flails
  2356 | D:4      | Reached skill level 7 in Maces & Flails
  2406 | D:4      | Reached XP level 6. HP: 56/56 MP: 6/6
  2671 | D:4      | Noticed Ijyb
  2693 | D:4      | Killed Ijyb
  2907 | D:5      | Entered Level 5 of the Dungeon
  3022 | D:5      | Reached skill level 8 in Maces & Flails
  3112 | D:5      | Noticed an ice beast
  3121 | D:5      | Killed an ice beast
  3122 | D:5      | Reached XP level 7. HP: 48/61 MP: 7/7
  3232 | D:5      | Learned a level 1 spell: Slow
  3395 | D:5      | Reached skill level 5 in Armour
  3448 | D:5      | Reached skill level 1 in Spellcasting
  4082 | D:6      | Found a glowing golden altar of the Shining One.
  4134 | D:6      | Reached XP level 8. HP: 68/68 MP: 11/13
  4337 | D:6      | Noticed Blork the orc
  4344 | D:6      | Killed Blork the orc
  4351 | D:6      | Reached skill level 5 in Spellcasting
  4466 | D:6      | Noticed Jeremiah
  4493 | D:6      | Killed Jeremiah
  4494 | D:6      | Reached skill level 1 in Summonings
  4521 | D:6      | Found a snail-covered altar of Cheibriados.
  4620 | D:6      | Found a sparkling altar of Nemelex Xobeh.
  4794 | D:6      | Found a burning altar of Makhleb.
  5146 | D:7      | Found a white marble altar of Elyvilon.
  5148 | D:7      | Reached XP level 9. HP: 73/74 MP: 18/18
  5399 | D:7      | Reached skill level 5 in Summonings
  5521 | D:7      | Learned a level 4 spell: Anguish
  5527 | D:7      | Found a staircase to the Ecumenical Temple.
  5536 | Temple   | Entered the Ecumenical Temple
  5547 | Temple   | Became a worshipper of Vehumet
  5547 | Temple   | Reached * piety under Vehumet
  5547 | Temple   | Offered knowledge of Kiss of Death by Vehumet.
  5547 | Temple   | Reached ** piety under Vehumet
  5734 | D:7      | Found Yssex's Assorted Antiques.
  5761 | D:7      | Offered knowledge of Freeze by Vehumet.
  6119 | D:8      | Learned a level 3 spell: Vampiric Draining
  6124 | D:8      | Learned a level 4 spell: Animate Dead
  6127 | D:8      | Learned a level 2 spell: Ensorcelled Hibernation
  6140 | D:8      | Reached skill level 5 in Necromancy
  6181 | D:8      | Slain by a hornet simulacrum

Illustrated notes

Levels and vault maps discovered:
D:1:      dpeg_arrival_prison, layout_loops_cross, minmay_strange_pillars,
          minmay_vboxes
D:2:      layout_basic
D:3:      layout_basic, mainiacjoe_overflow_tiny_flanked, uniq_jessica
D:4:      kennysheep_goblin_castle, layout_cave_pools, st_stairs_13
D:5:      minmay_goblin_kobold_castle, layout_loops_cross
D:6:      layout_layer_cave, lemuel_doored_altar, old_standard_altar,
          nemelex_diamond_rough_becter, amcnicky_altar_gilded, serial_glass,
          glass_columns_a, glass_columns_b, hellmonk_no_cap, uniq_jeremiah,
          uniq_blork_the_orc
D:7:      layout_loops_cross, mainiacjoe_overflow_small_starburst,
          minmay_temple_entry_arrows, serial_shops, nicolae_shop_dealshenge
D:8:      nzn_winding_woodlands_cross [nzn_winding_woodlands_5x15_pool,
          nzn_winding_woodlands_5x15_sidewinder,
          nzn_winding_woodlands_5x15_concentric,
          nzn_winding_woodlands_5x15_crooked,
          nzn_winding_woodlands_15x15_eel_pit], layout_loops_corners,
          mainiacjoe_overflow_chevrons
Temple:   nicolae_temple_ecumenical_triangle

Skill      XL: |  1  2  3  4  5  6  7  8  9 |
---------------+----------------------------+-----
Fighting       | 4 5 |  5.0
Maces & Flails | 4 5 7 8 |  8.0
Armour         | 3 5 |  5.0
Spellcasting   | 3 6 |  6.0
Summonings     | 3 6 |  6.4
Necromancy     | 6 |  6.1
Dodging        | |  2.1

Action                     |  1- 3 |  4- 6 |  7- 9 || total
---------------------------+-------+-------+-------++-------
  Melee: Mace              |    86 |       |       ||    86
         Flail             |    17 |   134 |   121 ||   272
         Morningstar       |       |       |   193 ||   193
   Cast: Call Canine Famil |       |       |     1 ||     1
    Use: Scroll            |     4 |     7 |     4 ||    15
         Potion            |       |       |     2 ||     2
 Armour: Robe              |    23 |       |    53 ||    76
         Ring mail         |    18 |    16 |       ||    34
         Skin              |     2 |       |       ||     2
         Leather armour    |    32 |       |       ||    32
         Scale mail        |       |   102 |   161 ||   263
         Plate armour      |       |       |    75 ||    75
         Steam dragon scal |       |       |    31 ||    31
  Dodge: Dodged            |    79 |    75 |   162 ||   316

Table legend: (Time is in decaauts)
 A = Elapsed time spent in this place.
 B = Non-inter-level travel time spent in this place.
 C = Inter-level travel time spent in this place.
 D = Time resting spent in this place.
 E = Time spent auto-exploring this place.
 F = Levels seen in this place.
 G = Mean time per level.
                   A        B        C        D        E       F      G
               +--------+--------+--------+--------+--------+-----+--------+
         Total |   6238 |   6103 |    135 |    385 |   4258 |   9 |  693.1 |
       Dungeon |   6215 |   6080 |    135 |    385 |   4258 |   8 |  776.9 |
        Temple |     22 |     22 |      0 |      0 |      0 |   1 |   22.0 |
               +--------+--------+--------+--------+--------+-----+--------+

Top non-repeatable levels by time:
     D:6: 1266 daAuts
     D:5: 1145 daAuts
     D:7: 768 daAuts
     D:3: 760 daAuts
     D:4: 748 daAuts
     D:1: 720 daAuts
     D:2: 707 daAuts
     D:8: 99 daAuts
  Temple: 22 daAuts
